 Dungeon Crawl Stone Soup version 0.32-a0-779-g362cfcae2a (webtiles) character file.

Game seed: 14912556455831153000

328 kae the Slasher (level 6, -1/44 HPs)
             Began as a Coglin Gladiator on Mar 19, 2024.
             Slain by Crazy Yiuf
             ... wielding a +4 quarterstaff of chaos
              (14 damage)
             ... on level 2 of the Dungeon.
             The game lasted 00:01:18 (1570 turns).

kae the Slasher (Coglin Gladiator)                  Turns: 1570, Time: 00:01:19

Health: -1/44      AC: 11    Str: 14    XL:     6   Next: 50%
Magic:  6/6        EV: 11    Int:  7    God:
Gold:   35         SH:  0    Dex: 18    Spells: 5/5 levels left

rFire   . . .        a - +0 long sword {Francisco}
rCold   . . .        m - +1 short sword (protect) {Fuyuko}
rNeg    . . .        b - +0 leather armour
rPois   .            c - +0 helmet
rElec   .            (no cloak)
rCorr   .            (no gloves)
SInv    .            (no boots)
Will    .....        (amulet unavailable)
Stlth   +            (ring unavailable)
HPRegen 0.27/turn    (ring unavailable)
MPRegen 0.10/turn    (no gizmo)

%: no passive effects
@: under a protective aura, revving
A: off-hand wielding, slow wielding, warmup strikes, no jewellery
a: Invent Gizmo


You were on level 2 of the Dungeon.
You visited 1 branch of the dungeon, and saw 2 of its levels.

You collected 35 gold pieces.


Innate Abilities, Weirdness & Mutations

You can wield a second weapon in your off-hand.
It takes a long time for you to wield or remove held weapons.
Your first few attacks do less damage.
You cannot equip rings or amulets.


   Skills:
 - Level 2.0 Fighting
 + Level 7.1 Long Blades
 - Level 1.7 Throwing
 - Level 2.6 Dodging


You had 5 spell levels left.
You didn't know any spells.
Your spell library contained the following spells:

 Spells                   Type           Power      Damage    Failure   Level
 Sublimation of Blood     Necr           0%         N/A       65%         2
 Petrify                  Alch/Erth      0%         N/A       99%         4
 Irradiate                Conj/Alch      0%         3d11      100%        5

Inventory:

Hand Weapons
 a - a +0 long sword (weapon) {Francisco}
 f - a +0 dagger {Fumito}
 m - a +1 short sword of protection (offhand) {Fuyuko}
   (You took it off a kobold on level 1 of the Dungeon)
Missiles
 d - 3 throwing nets (quivered) {=f!f}
 e - a javelin
 h - 21 stones
 k - 6 poisoned darts
Armour
 b - a +0 leather armour (worn)
 c - a +0 helmet (worn)
Wands
 q - a wand of flame (9)
   (You took it off Natasha on level 2 of the Dungeon)
Scrolls
 j - a scroll of identify {unknown}
 o - 3 scrolls of enchant weapon {unknown}
Potions
 g - a potion of enlightenment {unknown}
 i - a potion of magic {unknown}
 l - 2 potions of heal wounds {unknown}
 n - a potion of lignification {unknown}
 p - a potion of mutation {unknown}
 r - a potion of curing {unknown}

Dungeon Overview and Level Annotations

Branches:
Dungeon (2/15) Zot: 10427

Altars:

Shops:
D:1 [

Annotations:
D:2 Crazy Yiuf

#.##.##........#
#.#
#.##†##........#
#.##
#<...##........#
#..####
#..#############
##....# #..####
#.#..# ###.....#
#.#..# #.......#
#### ####.#..#
#.#)..#.# #)..###
##....#..#
#.#...#.#
#..g@.####........#
#.#...#.#
#...##..#.........#
#.......# ####
###.#....#####
#....)..# ########
#.##....# #.#####.#
#.......# #########


You could see Crazy Yiuf.


Message History

No target in view! 😎 HP[+2]
Your hp is fully restored (44).
There is a stone staircase leading down here.
o - 2 scrolls labelled VYF JICLAVITUTH (gained 1)
r - an orange potion No target in view!
No target in view!
A frilled lizard comes into view.
A frilled lizard is nearby!
The frilled lizard hisses angrily.
You closely miss the frilled lizard with your +1 short sword of protection.
You barely miss the frilled lizard with your +0 long sword.
The frilled lizard closely misses you.
A frilled lizard is nearby!
A frilled lizard is nearby!
You barely miss the frilled lizard with your +1 short sword of protection.
You slash the frilled lizard with your +0 long sword!
You kill the frilled lizard!
No target in view!
You see here a frilled lizard corpse.
Key pressed, stopping explore.
No target in view!
No target in view!
o - 3 scrolls labelled VYF JICLAVITUTH (gained 1)
A hobgoblin comes into view.
You see here 7 gold pieces.
The hobgoblin shouts!
You hear a shout!
A hobgoblin is nearby!
The hobgoblin closely misses you.
You closely miss the hobgoblin with your +0 long sword.
You closely miss the hobgoblin with your +1 short sword of protection.
A hobgoblin is nearby!
You hit the hobgoblin with your +1 short sword of protection.
Your weapon exudes an aura of protection.
You hit the hobgoblin with your +0 long sword.
You kill the hobgoblin!
An endoplasm comes into view.
A goblin comes into view. It is wielding a +0 club.
There are monsters nearby!
There are monsters nearby!
You barely miss the endoplasm with your +0 long sword.
You hit the endoplasm with your +1 short sword of protection.
You kill the endoplasm!
A goblin is nearby!
You barely miss the goblin with your +1 short sword of protection.
You barely miss the goblin with your +0 long sword.
The goblin closely misses you.
A goblin is nearby!
You closely miss the goblin with your +0 long sword.
You barely miss the goblin with your +1 short sword of protection.
The goblin hits you with a +0 club.
You hit the goblin with your +1 short sword of protection.
You slash the goblin with your +0 long sword!
You kill the goblin! 😕 HP[-1]
You take 1 damage, and now have 43/44 hp.
You now have 35 gold pieces (gained 7).
h - 21 stones (gained 2) Key pressed, stopping explore.
No target in view!
No target in view! 😎 HP[+1]
Your hp is fully restored (44).
Things that are here:
a +0 club; a kobold skeleton Key pressed, stopping explore.
No target in view!
No target in view!
No reachable target in view!
No reachable target in view!
Could not explore, unopened runed door.
No reachable target in view!
No reachable target in view!
Could not explore, unopened runed door.
Could not explore, unopened runed door.
No reachable target in view!
No reachable target in view!
Unknown command.
As you open the door, it creaks loudly!
Crazy Yiuf shouts!
Crazy Yiuf hits you with a +4 quarterstaff of chaos!
You convulse.
There is an open translucent door here. 😮 HP[-15]
You take 15 damage, and now have 29/44 hp.
MASSIVE DAMAGE!! (PAUSE)
You hit Crazy Yiuf with your +0 long sword.
You hit Crazy Yiuf with your +1 short sword of protection.
Your weapon exudes an aura of protection.
Crazy Yiuf hits you with a +4 quarterstaff of chaos!
* * * LOW HITPOINT WARNING * * *
You are electrocuted!
* * * LOW HITPOINT WARNING * * *
😨 HP[-16]
You take 16 damage, and now have 13/44 hp.
MASSIVE DAMAGE!! (PAUSE)
You hit Crazy Yiuf with your +0 long sword.
You barely miss Crazy Yiuf with your +1 short sword of protection.
Crazy Yiuf hits you with a +4 quarterstaff of chaos!
You die...

Skill      XL: |  1  2  3  4  5  6 |
---------------+-------------------+-----
Long Blades    | 4 6 7 |  7.1
Fighting       | |  2.0
Throwing       | |  1.7
Dodging        | |  2.6

Action                     |  1- 3 |  4- 6 || total
---------------------------+-------+-------++-------
  Melee: Long sword        |    61 |    36 ||    97
         Dagger            |    23 |       ||    23
         Short sword       |    27 |    35 ||    62
    Use: Scroll            |     1 |       ||     1
   Stab: Sleeping          |     1 |     1 ||     2
 Armour: Leather armour    |    35 |    21 ||    56
  Dodge: Dodged            |    41 |    17 ||    58

Levels and vault maps discovered:
D:1:      saegor_arrival_simple_d, layout_loops_ring, serial_shops, shop
D:2:      layout_loops_cross, uniq_sigmund, uniq_natasha,
          uniq_crazy_yiuf_cottage

Notes
Turn   | Place    | Note
-------+----------+-------------------------------------------
     0 | D:1      | kae the Coglin Gladiator began the quest for the Orb.
     0 | D:1      | Reached XP level 1. HP: 16/16 MP: 1/1
     0 | D:1      | magus.rc [v1.11.3]
    34 | D:1      | Reached XP level 2. HP: 13/22 MP: 2/2
   343 | D:1      | Reached skill level 4 in Long Blades
   355 | D:1      | You pick up a book of Transmutation and begin reading...
   355 | D:1      | You add the spells Sublimation of Blood, Petrify and
                  | Irradiate to your library.
   530 | D:1      | Reached XP level 3. HP: 26/27 MP: 3/3
   536 | D:1      | Found Yfivea's Antique Armour Emporium.
   917 | D:2      | Reached XP level 4. HP: 31/33 MP: 4/4
   943 | D:2      | Noticed Sigmund
   950 | D:2      | Killed Sigmund
   951 | D:2      | Reached skill level 6 in Long Blades
   951 | D:2      | Reached XP level 5. HP: 33/38 MP: 5/5
   952 | D:2      | Reached XP level 6. HP: 38/44 MP: 6/6
  1144 | D:2      | Noticed Natasha
  1151 | D:2      | Killed Natasha
  1185 | D:2      | Found a runed translucent door.
  1186 | D:2      | Noticed Crazy Yiuf
  1224 | D:2      | Noticed Natasha
  1232 | D:2      | Killed Natasha
  1246 | D:2      | Noticed Natasha
  1252 | D:2      | Killed Natasha
  1253 | D:2      | Reached skill level 7 in Long Blades
  1570 | D:2      | Slain by Crazy Yiuf

Vanquished Creatures
  Sigmund (D:2)
  Natasha (thrice) (D:2)
  A gnoll (D:1)
  4 adders (D:2)
  2 ribbon worms (D:2)
  3 dart slugs
  5 endoplasms
  4 goblins
  5 hobgoblins
  4 kobolds
  2 quokkas
  3 ball pythons
  4 bats
  3 frilled lizards
  2 rats
46 creatures vanquished.

Table legend:
 A = Non-vault XP
 B = Vault XP
 C = Vault XP percentage of total XP
 D = Non-vault monster count
 E = Vault monster count
 F = Vault count percentage of total count
                 A         B        C        D         E       F
            +---------+---------+-------+---------+---------+-------
      Total |     211 |     258 |  55.0 |      44 |       2 |   4.3
            +---------+---------+-------+---------+---------+-------
        D:1 |      51 |       0 |   0.0 |      21 |       0 |   0.0
        D:2 |     160 |     258 |  61.7 |      23 |       2 |   8.0
            +---------+---------+-------+---------+---------+-------

Skill      XL: |  1  2  3  4  5  6 |
---------------+-------------------+-----
Long Blades    | 4 6 7 |  7.1
Fighting       | |  2.0
Throwing       | |  1.7
Dodging        | |  2.6

Action                     |  1- 3 |  4- 6 || total
---------------------------+-------+-------++-------
  Melee: Long sword        |    61 |    36 ||    97
         Dagger            |    23 |       ||    23
         Short sword       |    27 |    35 ||    62
    Use: Scroll            |     1 |       ||     1
   Stab: Sleeping          |     1 |     1 ||     2
 Armour: Leather armour    |    35 |    21 ||    56
  Dodge: Dodged            |    41 |    17 ||    58

Illustrated notes

Table legend:
 A = Kills in this place as a percentage of kills in the entire game.
 B = Kills by you in this place as a percentage of kills by you in the entire game.
 C = Kills by friends in this place as a percentage of kills by friends in the entire game.
 D = Other kills in this place as a percentage of other kills in the entire game.
 E = Experience gained in this place as a percentage of experience gained in the entire game.
 F = Experience gained in this place divided by the number of levels of this place that you have seen.
                   A       B       C       D       E      F
               +-------+-------+-------+-------+-------+----------------------
         Total | 100.0 | 100.0 |   N/A |   N/A | 100.0 | 234.5
       Dungeon | 100.0 | 100.0 |   N/A |   N/A | 100.0 | 234.5
               +-------+-------+-------+-------+-------+----------------------

Table legend: (Time is in decaauts)
 A = Elapsed time spent in this place.
 B = Non-inter-level travel time spent in this place.
 C = Inter-level travel time spent in this place.
 D = Time resting spent in this place.
 E = Time spent auto-exploring this place.
 F = Levels seen in this place.
 G = Mean time per level.
                   A        B        C        D        E       F      G
               +--------+--------+--------+--------+--------+-----+--------+
         Total |   1571 |   1531 |     40 |     21 |   1205 |   2 |  785.5 |
       Dungeon |   1571 |   1531 |     40 |     21 |   1205 |   2 |  785.5 |
               +--------+--------+--------+--------+--------+-----+--------+

Top non-repeatable levels by time:
     D:1: 862 daAuts
     D:2: 709 daAuts
